 Dungeon Crawl Stone Soup version 0.29-a0-474-gdfe5cd140f (webtiles) character file.

Game seed: 13355666670205323805

96 Zeld the Grave Robber (level 4, -5/36 HPs)
             Began as a Deep Dwarf Necromancer on May 23, 2022.
             Slain by Terence
             ... wielding a +0 flail
              (10 damage)
             ... on level 3 of the Dungeon.
             The game lasted 00:02:30 (2551 turns).

Zeld the Grave Robber (Deep Dwarf Necromancer)      Turns: 2551, Time: 00:02:31

Health: -5/36      AC:  2    Str: 11    XL:     4   Next: 41%
Magic:  0/8        EV: 12    Int: 18    God:
Gold:   117        SH:  0    Dex: 13    Spells: 4/8 levels left

rFire   . . .      SeeInvis .   (no weapon)
rCold   . . .      Faith    .   (no shield)
rNeg    . . .      Spirit   .   a - +0 robe
rPois   .          Reflect  .   (no helmet)
rElec   .          Harm     .   (no cloak)
rCorr   .          Rampage  .   (no gloves)
Will    .....                   (no boots)
Stlth   ++........              (no amulet)
HPRegen 0.00/turn               (no ring)
MPRegen 0.11/turn               (no ring)

@: no status effects
A: damage resistance, heal wounds, sense surroundings 1, no regeneration
a: Heal Wounds


You were on level 3 of the Dungeon.
You visited 1 branch of the dungeon, and saw 3 of its levels.

You collected 117 gold pieces.

Inventory:

Armour
 a - a +0 robe (worn)
Scrolls
 d - 3 scrolls of immolation {unknown}
 e - 2 scrolls of magic mapping {unknown}
 f - 3 scrolls of teleportation {unknown}
 i - a scroll of enchant weapon {unknown}
 k - 2 scrolls of fear {unknown}
 l - a scroll of fog {unknown}
 m - a scroll of enchant armour {unknown}
 n - 2 scrolls of identify {unknown}
 o - a scroll of poison {unknown}
Potions
 b - a potion of magic
 c - a potion of lignification {unknown}
 g - 2 potions of mutation {unknown}
 h - a potion of ambrosia {unknown}
 j - a potion of curing {unknown}


   Skills:
 - Level 2.1 Dodging
 + Level 3.4 Stealth
 * Level 2.8 Spellcasting
 * Level 5.3 Necromancy


You had 4 spell levels left.
You knew the following spells:

 Your Spells              Type           Power      Damage    Failure   Level
a - Necrotize             Necr           84%        1d8       1%          1
b - Vampiric Draining     Necr           21%        2d7       5%          3

Your spell library contained the following spells:

 Spells                   Type           Power      Damage    Failure   Level
 Animate Dead             Necr           21%        N/A       19%         4
 Agony                    Necr           21%        N/A       45%         5


Dungeon Overview and Level Annotations

Branches:
Dungeon (3/15)

Altars:

Shops:
D:1 *

Annotations:
D:3 Terence


Innate Abilities, Weirdness & Mutations

You are resistant to damage.
You can heal yourself by infusing magical energy.
You passively map a small area around you.
You do not regenerate.


Message History

Unknown command.
Casting: Vampiric Draining (dangerous; 5% risk of failure)
Confirm with . or Enter, or press ? or * to list all spells.
Aiming: Necrotize (safe; 1% risk of failure)
Press: ? - help, Shift-Dir - straight line, f/p - Terence
Aim: Terence, wielding a +0 flail and wearing a +0 chain mail of positive energy (moderately wounded, chance to affect: 85%) Terence writhes in agony.
Terence closely misses you.
Casting: Necrotize (safe; 1% risk of failure)
Confirm with . or Enter, or press ? or * to list all spells.
You don't have enough magic to cast this spell.
Unknown command.
Casting: Necrotize (safe; 1% risk of failure)
Confirm with . or Enter, or press ? or * to list all spells.
Aiming: Necrotize (safe; 1% risk of failure)
Press: ? - help, Shift-Dir - straight line, f/p - Terence
Aim: Terence, wielding a +0 flail and wearing a +0 chain mail of positive energy (moderately wounded, chance to affect: 85%) Terence writhes in agony.
Terence misses you. Terence attacks as you move away!
Terence hits you with a +0 flail!
There is an open door here.
Terence attacks as you move away! Terence hits you with a +0 flail!
Terence attacks as you move away! Terence barely misses you.
Casting: Necrotize (safe; 1% risk of failure)
Confirm with . or Enter, or press ? or * to list all spells.
Aiming: Necrotize (safe; 1% risk of failure)
Press: ? - help, Shift-Dir - straight line, f/p - Terence
Aim: Terence, wielding a +0 flail and wearing a +0 chain mail of positive energy (severely wounded, chance to affect: 85%) Terence writhes in agony.
Terence misses you. Terence attacks as you move away!
Terence barely misses you.
Casting: Necrotize (safe; 1% risk of failure)
Confirm with . or Enter, or press ? or * to list all spells.
Aiming: Necrotize (safe; 1% risk of failure)
Press: ? - help, Shift-Dir - straight line, f/p - Terence
Aim: Terence, wielding a +0 flail and wearing a +0 chain mail of positive energy (almost dead, chance to affect: 85%) Terence barely resists.
Terence hits you with a +0 flail!
* * * LOW HITPOINT WARNING * * *
Unknown command.
Terence attacks as you move away! Terence hits you with a +0 flail.
Terence attacks as you move away! Terence closely misses you.
Terence attacks as you move away! Terence hits you with a +0 flail!
You die...

#.#######
#........ **
######........
#.............
##.###........
, #.#
#........ #.#
#........ ,
#.# #........
* #@#
#..........#
#@#
#..........#
#.#
#..........##*
#.#
#...........,
#.#
#...........
#.#
#...........
#.#
#...........
#.#
#...........
#.#
#...........


You could see Terence.

Vanquished Creatures
  Jessica (D:2)
  4 adders
  3 orcs (D:2)
  2 ball pythons (D:2)
  6 endoplasms
  A giant cockroach (D:2)
  3 hobgoblins (D:1)
  4 kobolds
  A quokka (D:1)
  5 bats
  A goblin (D:1)
  A rat (D:1)
32 creatures vanquished.

Notes
Turn   | Place    | Note
-------+----------+-------------------------------------------
     0 | D:1      | Zeld the Deep Dwarf Necromancer began the quest for the
                  | Orb.
     0 | D:1      | Reached XP level 1. HP: 15/15 MP: 3/3
   272 | D:1      | Reached XP level 2. HP: 13/22 MP: 3/5
   357 | D:1      | Found Fotokoss's General Store.
  1278 | D:2      | Reached XP level 3. HP: 4/28 MP: 4/6
  1479 | D:2      | Learned a level 3 spell: Vampiric Draining
  1992 | D:2      | Reached skill level 5 in Necromancy
  2067 | D:2      | Noticed Jessica
  2080 | D:2      | Killed Jessica
  2081 | D:2      | Reached XP level 4. HP: 23/36 MP: 3/8
  2521 | D:3      | Noticed Terence
  2551 | D:3      | Slain by Terence

Illustrated notes

Levels and vault maps discovered:
D:1:      dpeg_arrival_court, layout_loops_ring, serial_shops, shop_statue,
          amcnicky_mini_pool_small
D:2:      minmay_alternating_diamond, layout_loops_cross, uniq_jessica
D:3:      layout_basic, roderic_lattice_a, grunt_ministairs_12, uniq_grinder,
          uniq_pargi, uniq_sigmund, uniq_terence

Skill      XL: |  1  2  3 |
---------------+----------+-----
Spellcasting   | 2 |  2.8
Stealth        | 3 |  3.4
Necromancy     | 5 |  5.3
Dodging        | |  2.1

Action                   |  1- 3 |  4- 6 || total
-------------------------+-------+-------++-------
Melee: Unarmed           |    15 |     3 ||    18
 Cast: Necrotize         |    44 |     7 ||    51
       Vampiric Draining |     5 |     5 ||    10
Armor: Robe              |     6 |     2 ||     8
Dodge: Dodged            |    27 |    10 ||    37

Table legend: (Time is in decaauts)
 A = Elapsed time spent in this place.
 B = Non-inter-level travel time spent in this place.
 C = Inter-level travel time spent in this place.
 D = Time resting spent in this place.
 E = Time spent auto-exploring this place.
 F = Levels seen in this place.
 G = Mean time per level.
                   A        B        C        D        E       F      G
               +--------+--------+--------+--------+--------+-----+--------+
         Total |   2550 |   2512 |     38 |    410 |   1815 |   3 |  850.0 |
       Dungeon |   2550 |   2512 |     38 |    410 |   1815 |   3 |  850.0 |
               +--------+--------+--------+--------+--------+-----+--------+

Top non-repeatable levels by time:
     D:2: 1468 daAuts
     D:1: 882 daAuts
     D:3: 199 daAuts
